 Dungeon Crawl Stone Soup version 0.29-a0-299-g4c793a2ed2 (webtiles) character file.

Game seed: 13133697579986687135

7756 kae the Arsonist (level 11, 0/66 HPs)
             Began as a Tengu Fire Elementalist on Mar 24, 2022.
             Was a Follower of Vehumet.
             Slain by a two-headed ogre
             ... wielding a +0 dire flail
              (17 damage)
             ... on level 9 of the Dungeon.
             The game lasted 00:10:54 (14227 turns).

kae the Arsonist (Tengu Fire Elementalist)         Turns: 14227, Time: 00:10:54

Health: 0/66       AC: 11    Str: 15    XL:     11   Next: 20%
Magic:  0/21       EV: 18    Int: 20    God:    Vehumet [*.....]
Gold:   436        SH:  5    Dex: 14    Spells: 9/22 levels left

rFire   + . .      SeeInvis .   F - +1 scimitar of War {flame, rN+}
rCold   . . .      Faith    .   k - +0 buckler
rNeg    + + .      Spirit   +   y - +2 robe {rN+}
rPois   .          Reflect  .   E - +2 hat
rElec   +          Harm     .   (no cloak)
rCorr   .          Rampage  .   g - +0 pair of gloves
Will    +....                   (boots unavailable)
Stlth   ++........              v - amulet of guardian spirit
HPRegen 0.21/turn               B - ring "Plog" {rElec rF+ Will+ Str+6}
MPRegen 0.17/turn               q - +4 ring of protection

@: flying quickly and evasively, quick
A: beak, talons 3, nimble flight
a: Renounce Religion


You were on level 9 of the Dungeon.
You worshipped Vehumet.
Vehumet was aware of your devotion.
You visited 2 branches of the dungeon, and saw 10 of its levels.

You collected 436 gold pieces.

Inventory:

Hand Weapons
 d - a +0 short sword of protection
 F - the +1 scimitar of War (weapon) {flame, rN+}
   (You found it on level 7 of the Dungeon)

   It burns those it strikes, dealing additional fire damage.
   Big, fiery blades are also staple armaments of hydra-hunters.
   rN:        It protects you from negative energy.
Armour
 a - a +0 robe
 g - a +0 pair of gloves (worn)
 k - a +0 buckler (worn)
 y - a +2 robe of positive energy (worn)
 E - a +2 hat (worn)
Jewellery
 i - a ring of wizardry
 q - a +4 ring of protection (right hand)
 v - an amulet of guardian spirit (around neck)
 w - a ring of protection from fire
 B - the ring "Plog" (left hand) {rElec rF+ Will+ Str+6}
   (You found it on level 6 of the Dungeon)

   [ring of strength]

   Str:       It affects your strength (+6).
   rF:        It protects you from fire.
   rElec:     It insulates you from electricity.
   Will:      It increases your willpower.
Wands
 j - a wand of iceblast (6)
 x - a wand of flame (12)
 A - a wand of acid (3)
Scrolls
 c - 2 scrolls of amnesia
 h - 2 scrolls of teleportation
 n - a scroll of brand weapon
 s - 3 scrolls of magic mapping
 D - a scroll of torment {unknown}
Potions
 b - 2 potions of magic
 e - 5 potions of attraction
 l - a potion of invisibility
 m - 2 potions of might
 o - a potion of heal wounds
 p - a potion of resistance
 r - a potion of brilliance
 t - 3 potions of curing
 u - a potion of lignification {unknown}
 z - 2 potions of flight {unknown}
 G - a potion of mutation {unknown}


   Skills:
 + Level 6.5 Fighting
 + Level 7.6 Dodging
 - Level 2.0 Stealth
 - Level 4.0 Shields
 + Level 6.4 Spellcasting
 + Level 8.8 Conjurations
 * Level 11.1 Fire Magic


You had 9 spell levels left.
You knew the following spells:

 Your Spells              Type           Power      Damage    Failure   Level
a - Foxfire               Conj/Fire      100%       2x1d9     1%          1
b - Scorch                Fire           100%       2d10      1%          2
c - Conjure Flame         Conj/Fire      46%        6-21      1%          3
d - Inner Flame           Hex/Fire       28%        N/A       4%          3
e - Flame Wave            Conj/Fire      46%        2d10      1%          4

Your spell library contained the following spells:

 Spells                   Type           Power      Damage    Failure   Level
 Sandblast                Erth           12%        2d6       13%         1
 Freeze                   Ice            24%        1d5       13%         1
 Sting                    Tmut/Pois      24%        1d4       13%         1
 Hailstorm                Conj/Ice       24%        3d7       21%         4
 Frozen Ramparts          Ice            12%        1d3       36%         3
 Gell's Gravitas          Tloc           6%         N/A       36%         3
 Lesser Beckoning         Tloc           6%         N/A       36%         3
 Teleport Other           Tloc           6%         N/A       36%         3
 Animate Armour           Summ/Erth      12%        N/A       77%         4
 Summon Ice Beast         Ice/Summ       6%         N/A       77%         4
 Summon Lightning Spire   Summ/Air       6%         N/A       77%         4
 Dispersal                Tloc           3%         N/A       100%        6
 Summon Hydra             Summ           3%         N/A       100%        7
 Disjunction              Tloc           3%         N/A       100%        8


Dungeon Overview and Level Annotations

Branches:
Dungeon (9/15)             Temple (1/1) D:4            Lair (0/6) D:8
    Orc: D:9-12

Altars:
Ashenzari
Cheibriados
Dithmenos
Elyvilon
Fedhas
Gozag
Hepliaklqana
Kikubaaqudgha
Makhleb
Nemelex Xobeh
Okawaru
Qazlal
Ru
Sif Muna
Trog
Uskayaw
Vehumet
Wu Jian
Xom
Yredelemnul
Zin
The Shining One
Beogh

Shops:
D:1 =

Annotations:
D:7 3 runed translucent doors, Zero0's ghost, novice HOFi


Innate Abilities, Weirdness & Mutations

You have a beak for a mouth.
You have claws for feet.
Your magical nature lets you fly swiftly and evasively.


Message History

Confirm with . or Enter, or press ? or * to list all spells.
You can't see any susceptible monsters within range! (Use Z to cast anyway.)
Casting: Foxfire (safe; 1% risk of failure)
Confirm with . or Enter, or press ? or * to list all spells.
You can't see any susceptible monsters within range! (Use Z to cast anyway.)
Casting: Foxfire (safe; 1% risk of failure)
Confirm with . or Enter, or press ? or * to list all spells.
You conjure some foxfire!
The foxfire hits the two-headed ogre.
The two-headed ogre is moderately wounded.
The foxfire hits the two-headed ogre but does no damage.
The two-headed ogre is moderately wounded.
Casting: Foxfire (safe; 1% risk of failure)
Confirm with . or Enter, or press ? or * to list all spells.
Flames lash the two-headed ogre.
The two-headed ogre is heavily wounded.
The two-headed ogre's fire resistance burns away.
The two-headed ogre misses you. x2
Casting: Scorch (safe; 1% risk of failure)
Confirm with . or Enter, or press ? or * to list all spells.
Flames lash the two-headed ogre.
The two-headed ogre is burned terribly!
The two-headed ogre is severely wounded.
The two-headed ogre closely misses you.
The two-headed ogre completely misses you.
Casting: Scorch (safe; 1% risk of failure)
Confirm with . or Enter, or press ? or * to list all spells.
Flames lash the two-headed ogre.
The two-headed ogre is burned terribly!
The two-headed ogre is severely wounded.
The two-headed ogre hits you with a +0 dire flail!!
The two-headed ogre hits you with a +0 giant club!
Casting: Scorch (safe; 1% risk of failure)
Confirm with . or Enter, or press ? or * to list all spells.
Flames lash the two-headed ogre.
The two-headed ogre is burned terribly!
The two-headed ogre is almost dead.
The two-headed ogre hits you with a +0 dire flail!
The two-headed ogre misses you.
The two-headed ogre hits you with a +0 dire flail!
* * * LOW HITPOINT WARNING * * *
The two-headed ogre hits you with a +0 giant club!!
You die...

....# ...
..$.$ #.#
.....###.##
..........
.......#.##
........>.#
....<...O.#
....?...@.#
.............#
............##
.............#
.............#
...........#.#
........######
.########


You could see a two-headed ogre (combustible).

Vanquished Creatures
  A hydra (D:8)
  A two-headed ogre (D:8)
  3 death yaks
  Pikel (D:6)
  Grinder (D:6)
  A hornet (D:8)
  A wraith (D:8)
  A wyvern (D:8)
  2 steam dragons (D:6)
  5 yaks (D:8)
  3 water moccasins
  3 black bears
  2 ice beasts (D:6)
  An ogre (D:4)
  5 phantoms
  A lemure (D:6)
  A bullfrog (D:8)
  2 kobold brigands (D:6)
  Blork the orc (D:6)
  3 necrophages
  2 scorpions
  3 killer bees (D:7)
  4 hounds
  3 jellies
  5 orc priests
  A hell rat (D:8)
  2 iguanas
  2 orc wizards
  7 gnolls
  8 adders
  2 shadow imps
  2 white imps
  An ufetubus (D:6)
  6 worms
  5 dart slugs
  17 orcs
  10 ball pythons
  10 bats
  7 endoplasms
  3 giant cockroaches
  11 goblins
  6 hobgoblins
  10 quokkas
  5 frilled lizards
  19 kobolds
  3 rats
193 creatures vanquished.

Vanquished Creatures (others)
  An orc wizard (D:8)
  485 foxfires
  2 fungi (D:2)
  3 plants (D:2)
491 creatures vanquished.

Grand Total: 684 creatures vanquished

Notes
Turn   | Place    | Note
-------+----------+-------------------------------------------
     0 | D:1      | kae the Tengu Fire Elementalist began the quest for the
                  | Orb.
     0 | D:1      | Reached XP level 1. HP: 10/10 MP: 4/4
   119 | D:1      | Reached XP level 2. HP: 16/16 MP: 1/6
   756 | D:1      | Reached XP level 3. HP: 18/20 MP: 5/7
   807 | D:1      | Found Coph's Jewellery Shop.
  1071 | D:2      | Learned a level 2 spell: Scorch
  1075 | D:2      | Learned a level 3 spell: Conjure Flame
  1160 | D:2      | Reached skill level 1 in Fighting
  1594 | D:2      | Got the Compendium of Creation
  1668 | D:2      | Reached skill level 4 in Fire Magic
  1699 | D:2      | Found a faded altar of an unknown god.
  1709 | D:2      | Got Plato's Tome of Poisoning
  1909 | D:2      | Reached XP level 4. HP: 25/25 MP: 5/8
  2410 | D:3      | Noticed a water moccasin
  2426 | D:3      | Killed a water moccasin
  2427 | D:3      | Reached skill level 1 in Shields
  2427 | D:3      | Gained mutation: Your magical nature lets you fly swiftly
                  | and evasively. [Tengu growth]
  2427 | D:3      | Reached XP level 5. HP: 19/30 MP: 7/9
  2773 | D:3      | Found a shimmering altar of Xom.
  3157 | D:2      | Reached XP level 6. HP: 9/35 MP: 4/11
  3795 | D:3      | Reached skill level 5 in Fire Magic
  4079 | D:3      | Reached XP level 7. HP: 34/40 MP: 4/12
  4153 | D:3      | HP: 1/40 [gnoll/+0 club (5)]
  4456 | D:4      | Found a staircase to the Ecumenical Temple.
  4577 | Temple   | Entered the Ecumenical Temple
  5826 | D:4      | Found a staircase to the Ecumenical Temple.
  6424 | D:5      | Entered Level 5 of the Dungeon
  6656 | D:5      | Reached XP level 8. HP: 45/45 MP: 8/14
  6761 | D:5      | Reached skill level 6 in Fire Magic
  7677 | D:6      | Reached skill level 5 in Conjurations
  7752 | D:6      | Found a radiant altar of Vehumet.
  7782 | D:6      | Noticed Blork the orc
  7799 | D:6      | Killed Blork the orc
  7811 | D:6      | Became a worshipper of Vehumet
  7898 | D:6      | Reached skill level 7 in Fire Magic
  7946 | D:6      | Reached skill level 5 in Dodging
  7946 | D:6      | Reached XP level 9. HP: 12/52 MP: 1/16
  8377 | D:6      | Noticed Grinder
  8564 | D:6      | Found a sparkling altar of Nemelex Xobeh.
  8965 | D:6      | Identified the ring "Plog" {rElec rF+ Will+ Str+6}
  9029 | D:6      | Reached skill level 8 in Fire Magic
  9146 | D:6      | Noticed Pikel
  9153 | D:6      | Killed Pikel
  9295 | D:6      | Killed Grinder
  9296 | D:6      | Reached skill level 5 in Spellcasting
  9297 | D:6      | Reached * piety under Vehumet
  9297 | D:6      | Offered knowledge of Sandblast by Vehumet.
  9668 | D:7      | Reached skill level 5 in Fighting
  9843 | D:7      | Identified the +1 scimitar of War {flame, rN+}
  9896 | D:7      | Reached skill level 9 in Fire Magic
  9956 | D:7      | Found a runed translucent gate.
  9957 | D:7      | Found a runed translucent gate.
  9957 | D:7      | Noticed Zero0's ghost (novice HOFi)
  9958 | D:7      | Found a runed translucent gate.
 10208 | D:7      | Reached XP level 10. HP: 59/59 MP: 15/18
 10213 | D:7      | Learned a level 3 spell: Inner Flame
 10229 | D:7      | Learned a level 4 spell: Flame Wave
 10319 | D:7      | Found a sacrificial altar of Ru.
 10597 | D:8      | Noticed a death yak
 10609 | D:8      | Killed a death yak
 10613 | D:8      | Noticed a death yak
 10853 | D:8      | Noticed a boulder beetle
 11180 | D:8      | Noticed a death yak
 11530 | D:6      | Killed a death yak
 11820 | D:7      | Killed a death yak
 11821 | D:7      | Reached skill level 10 in Fire Magic
 11886 | D:7      | Found a sacrificial altar of Ru.
 12803 | D:8      | Found a staircase to the Lair.
 13208 | D:8      | Found a white marble altar of Elyvilon.
 13264 | D:8      | Noticed a two-headed ogre
 13289 | D:8      | Killed a two-headed ogre
 13290 | D:8      | Reached XP level 11. HP: 64/64 MP: 6/21
 13439 | D:8      | Noticed a four-headed hydra
 13598 | D:8      | Killed a four-headed hydra
 13599 | D:8      | Reached skill level 11 in Fire Magic
 14213 | D:9      | Noticed a two-headed ogre
 14227 | D:9      | Slain by a two-headed ogre

Illustrated notes

Levels and vault maps discovered:
D:1:      onia_arrival_pentagram, layout_basic, serial_shops, shop
D:2:      kennysheep_the_goblin_king, layout_loops_corners,
          shapermc_ecumenical_altar_rom_forum
D:3:      layout_rooms, xom_teletrap_fun, minmay_vboxes
D:4:      layout_basic, minmay_temple_entry_glass, serial_corexii_hall,
          corexii_hall_statues_x, corexii_hall_statues_x
D:5:      layout_cave_pods
D:6:      layout_rooms, mainiacjoe_overflow_tiny_flanked, minmay_ruined_shrine,
          uniq_grinder, uniq_pikel, uniq_blork_the_orc
D:7:      layout_cave_pools, nicolae_overflow_hidden_temple,
          biasface_ghost_orc_armoury
D:8:      minmay_tri_box, layout_basic, elyvilon_altar_4, dpeg_lair_monsters,
          minivault_21
D:9:      layout_rooms, gammafunk_ghost_spectres
Temple:   compressed_dpeg_circular_temple

Skill      XL: |  1  2  3  4  5  6  7  8  9 10 11 |
---------------+----------------------------------+-----
Conjurations   | 2 3 4 5 7 8 |  8.8
Fighting       | 1 2 3 5 6 |  6.5
Fire Magic     | 4 5 7 9 10 11 | 11.1
Dodging        | 3 4 5 6 7 |  7.6
Shields        | 1 2 3 4 |  4.0
Spellcasting   | 3 4 5 6 |  6.4
Stealth        | |  2.0

Action                   |  1- 3 |  4- 6 |  7- 9 | 10-12 || total
-------------------------+-------+-------+-------+-------++-------
Melee: Short sword       |    25 |    36 |    44 |       ||   105
       Kick              |     7 |     7 |    12 |     7 ||    33
       Peck              |     4 |     5 |     8 |     7 ||    24
       Scimitar          |       |       |       |    17 ||    17
 Cast: Foxfire           |    67 |    47 |   145 |    43 ||   302
       Scorch            |       |    19 |    69 |    61 ||   149
       Conjure Flame     |       |       |     7 |    10 ||    17
Evoke: Wand              |       |       |     1 |       ||     1
  Use: Scroll            |     4 |     7 |     7 |     4 ||    22
       Potion            |       |     1 |     2 |       ||     3
 Stab: Sleeping          |     1 |     3 |       |       ||     4
Armor: Robe              |     4 |    18 |    48 |    19 ||    89
Dodge: Dodged            |    10 |    47 |    79 |    56 ||   192
Block: Buckler           |       |    17 |    30 |    24 ||    71

Table legend: (Time is in decaauts)
 A = Elapsed time spent in this place.
 B = Non-inter-level travel time spent in this place.
 C = Inter-level travel time spent in this place.
 D = Time resting spent in this place.
 E = Time spent auto-exploring this place.
 F = Levels seen in this place.
 G = Mean time per level.
                   A        B        C        D        E       F      G
               +--------+--------+--------+--------+--------+-----+--------+
         Total |  13771 |  13263 |    508 |   2942 |   8191 |  10 | 1377.1 |
       Dungeon |  13693 |  13200 |    493 |   2942 |   8140 |   9 | 1521.4 |
        Temple |     78 |     64 |     14 |      0 |     51 |   1 |   78.0 |
               +--------+--------+--------+--------+--------+-----+--------+

Top non-repeatable levels by time:
     D:6: 2041 daAuts
     D:8: 1984 daAuts
     D:7: 1969 daAuts
     D:2: 1862 daAuts
     D:4: 1768 daAuts
     D:3: 1467 daAuts
     D:5: 1406 daAuts
     D:1: 1066 daAuts
     D:9: 127 daAuts
  Temple: 78 daAuts
